 Dungeon Crawl Stone Soup version 0.29.1-12-g30fa7ad0bf (webtiles) character file.

Game seed: 4049062762304803083

22507 hawla the Thaumaturge (level 13, -5/77 (100) HPs)
             Began as a Meteoran Ice Elementalist on Jan 14, 2023.
             Was a High Priest of Vehumet.
             Slain by a white ugly thing (26 damage)
             ... on level 11 of the Dungeon.
             The game lasted 00:51:38 (6966 turns).

hawla the Thaumaturge (Meteoran Ice Elementalist)   Turns: 6966, Time: 00:51:39

HP:   -5/77 (100)   AC:  5    Str: 10    XL:     13   Next: 60%
MP:   31/32         EV: 15    Int: 29    God:    Vehumet [*****.]
Gold: 94            SH:  5    Dex: 17    Spells: 23/40 levels left

rFire   + . .      SeeInvis +   f - +3 scimitar (flame)
rCold   . . .      Faith    .   (no shield)
rNeg    . . .      Spirit   .   A - +2 robe "Jinoniu" {Regen+ Int+3}
rPois   .          Reflect  +   (helmet restricted)
rElec   .          Harm     .   m - +0 cloak {Will+}
rCorr   .          Rampage  .   (no gloves)
Will    ++...                   (no boots)
Stlth   +.........              n - amulet of reflection
HPRegen 1.02/turn               c - ring of see invisible
MPRegen 0.23/turn               r - +6 ring of intelligence

@: glowing, heavily drained
A: sense surroundings 2, otherworldly, glowing, explore regen, horns 1, fire
resistance 1
a: Renounce Religion


You were on level 11 of the Dungeon.
You worshipped Vehumet.
Vehumet was extremely pleased with you.
You visited 3 branches of the dungeon, and saw 15 of its levels.
You also visited: Ossuary.

You collected 1624 gold pieces.
You spent 1530 gold pieces at shops.

Inventory:

Hand Weapons
 f - a +3 scimitar of flaming (weapon)
Armour
 e - a +2 robe of willpower
 m - a +0 cloak of willpower (worn)
 o - a scarf of resistance
 A - the +2 robe "Jinoniu" (worn) {Regen+ Int+3}
   (You found it on level 7 of the Dungeon)

   Int:       It affects your intelligence (+3).
   Regen:     It increases your rate of health regeneration.
Jewellery
 c - a ring of see invisible (left hand)
 k - a ring of protection from fire
 n - an amulet of reflection (around neck)
 r - a +6 ring of intelligence (right hand)
 w - a +4 ring of evasion
Wands
 s - a wand of roots (6)
 u - a wand of charming (8)
 F - a wand of digging (1)
Scrolls
 a - 2 scrolls of acquirement {unknown}
 b - a scroll of teleportation
 j - a scroll of amnesia
 q - 3 scrolls of magic mapping
 v - 5 scrolls of identify
 x - 2 scrolls of fog
 z - 4 scrolls of poison
Potions
 d - 3 potions of curing
 g - a potion of cancellation
 h - a potion of attraction
 i - a potion of invisibility {unknown}
 l - 2 potions of flight
 p - 2 potions of berserk rage
 t - a potion of brilliance
 B - 2 potions of degeneration {unknown}


   Skills:
 + Level 5.1 Fighting
 + Level 9.3 Long Blades
 + Level 6.6 Dodging
 - Level 1.4 Stealth
 + Level 14.3 Spellcasting
 + Level 9.7 Conjurations
 + Level 12.7 Ice Magic
 + Level 3.6 Air Magic
 + Level 4.0 Evocations


You had 23 spell levels left.
You knew the following spells:

 Your Spells              Type           Power      Damage    Failure   Level
a - Freeze                Ice            100%       1d11      0%          1
b - Frozen Ramparts       Ice            100%       1d16      1%          3
c - Hailstorm             Conj/Ice       72%        3d15      1%          4
d - Freezing Cloud        Conj/Ice/Air   31%        6-21      1%          5
e - Airstrike             Air            21%        2d(3-19)  1%          4

Your spell library contained the following spells:

 Spells                   Type           Power      Damage    Failure   Level
 Lightning Bolt           Conj/Air       28%        1d44      1%          5
 Ozocubu's Armour         Ice            76%        N/A       1%          3
 Swiftness                Air            42%        N/A       1%          3
 Necrotise                Necr           80%        1d8       2%          1
 Summon Small Mammal      Summ           80%        N/A       2%          1
 Call Canine Familiar     Summ           20%        N/A       7%          3
 Portal Projectile        Hex/Tloc       40%        N/A       7%          3
 Summon Guardian Golem    Hex/Summ       20%        N/A       7%          3
 Vampiric Draining        Necr           20%        2d7       7%          3
 Summon Lightning Spire   Summ/Air       31%        N/A       11%         4
 Leda's Liquefaction      Hex/Erth       10%        N/A       24%         4
 Simulacrum               Ice/Necr       27%        N/A       26%         6
 Silence                  Hex/Air        15%        N/A       30%         5
 Agony                    Necr           20%        N/A       54%         5
 Eringya's Noxious Bog    Tmut/Pois      10%        N/A       63%         6
 Polar Vortex             Ice            38%        N/A       95%         9
 Storm Form               Tmut/Air       15%        N/A       100%        7
 Maxwell's Capacitive Co  Air            21%        ∞         100%        8


Dungeon Overview and Level Annotations

Branches:
Dungeon (12/15) Zot: 1652  Temple (1/1) D:6 Zot: 560    Lair (0/5) D:11
    Orc (2/2) D:9 Zot: 200     Elf (0/3) Orc:2       Ossuary (visited)

Altars:
Ashenzari
Cheibriados
Dithmenos
Elyvilon
Fedhas
Gozag
Hepliaklqana
Kikubaaqudgha
Nemelex Xobeh
Okawaru
Qazlal
Ru
Sif Muna
Trog
Uskayaw
Vehumet
Wu Jian
Xom
Yredelemnul
Zin
The Shining One
Lugonu

Shops:
D:11 (   Orc:1 [   Orc:2 =**[

Portals:
Abyss: D:3

Annotations:
D:11 1 runed translucent door, FexLirch's ghost, journeyman DgFE


Innate Abilities, Weirdness & Mutations

You passively map the area around you.
You are easily found by Zot.
You glow in the dark.
You regain HP and MP as you explore.
You have a pair of small horns on your head.
Your flesh is heat resistant. (rF+)


Message History

Aiming: Airstrike (dangerous; 1% risk of failure)
Press: ? - help, Dir - move target, f - centaur
Aim: a centaur (wandering, hasn't noticed you, empty space bonus: 8/8)
The air twists around and strikes the centaur!!
You kill the centaur!
Vehumet accepts your kill.
You feel your power returning.
You now have 94 gold pieces (gained 17).
You see here a +0 shortbow.
A white ugly thing comes into view.
A white ugly thing is nearby!
A white ugly thing is nearby!
A white ugly thing is nearby!
The white ugly thing gurgles horribly!
You block the white ugly thing's attack.
A white ugly thing is nearby!
You hit the white ugly thing. You burn the white ugly thing.
You headbutt the white ugly thing.
The white ugly thing is lightly wounded.
You slash the white ugly thing! You burn the white ugly thing.
The white ugly thing is moderately wounded.
The white ugly thing completely misses you.
You closely miss the white ugly thing. You headbutt the white ugly thing!
The white ugly thing is moderately wounded.
The white ugly thing punches you! The white ugly thing freezes you!!
You are too injured to fight recklessly!
You are too injured to fight recklessly!
You are too injured to fight recklessly!
You are too injured to fight recklessly!
Casting: Airstrike (dangerous; 1% risk of failure)
Confirm with . or Enter, or press ? or * to list all spells.
Aiming: Freeze (safe; 0% risk of failure)
Press: ? - help, Shift-Dir - straight line, f - white ugly thing
Aim: a white ugly thing (moderately wounded)
You freeze the white ugly thing.
The white ugly thing resists.
The white ugly thing is heavily wounded.
The white ugly thing punches you!
* * * LOW HITPOINT WARNING * * *
The white ugly thing freezes you!!
You die...

#.................>.........
#.###............!.....).... **
*#.######.................... ,
....##...................... *,,
......#....................#.
^.............................
...#...........................
...##..........#################
#..#,..........#@#.###)#** ,
>......)..##u#.#.#, , , ,
...........#[#.#.# , * *
..#...#....##.#†#.#, ,* ,
.#...###.#.###.#.#.# * * , ,
.....#....###.# #.#.# , ,* * ,,,
.........)##?# ,#.#.# ,* *
##..#.....## * #.#.# * * *
#.........# * #.#.# * *


You could see a white ugly thing.

Vanquished Creatures
  An ettin (Orc:2)
  A hydra (D:11)
  Erica (D:9)
  4 two-headed ogres
  3 death yaks
  4 orc high priests
  4 orc knights (Orc:2)
  Pikel (D:5)
  5 orc sorcerers
  A cyclops (Orc:1)
  Psyche (D:8)
  An unseen horror (D:10)
  3 trolls
  A hornet (D:9)
  A shadow (D:11)
  2 wraiths
  7 yaks
  A basilisk (D:12)
  2 vampire mosquitoes (D:10)
  A warg (Orc:1)
  Edmund (D:6)
  A water moccasin (D:7)
  2 black bears
  21 orc warriors
  2 ice beasts
  8 ogres
  4 centaurs
  2 lemures (D:5)
  5 kobold brigands
  3 bullfrogs (D:8)
  3 gnoll sergeants (D:9)
  2 necrophages
  3 scorpions
  A killer bee (D:11)
  A troll skeleton (D:10)
  2 howler monkeys
  5 spriggan skeletons (D:10)
  A centaur zombie (D:8)
  6 hounds
  3 gnoll boudas
  12 orc priests
  17 orc wizards
  A statue (D:7)
  8 mummies (Ossuary)
  A howler monkey zombie (D:8)
  30 gnolls
  7 adders
  2 river rats (D:11)
  3 white imps
  2 ufetubi
  2 adder skeletons (D:3)
  4 worms
  2 dart slugs
  47 orcs
  3 endoplasms (D:3)
  2 giant cockroaches
  3 gnoll zombies (Ossuary)
  2 goblins
  3 hobgoblins
  20 kobolds
  7 quokkas
  A ball python (D:4)
  A ball python skeleton (D:3)
  3 bats
  A giant cockroach zombie (D:3)
  2 hobgoblin zombies (Ossuary)
  A jackal zombie (D:3)
  3 orc zombies (Ossuary)
  3 rats
  2 lurking horrors (D:3)
316 creatures vanquished.

Vanquished Creatures (others)
  7 plants (D:11)
7 creatures vanquished.

Grand Total: 323 creatures vanquished

Notes
Turn   | Place    | Note
-------+----------+-------------------------------------------
     0 | D:1      | hawla the Meteoran Ice Elementalist began the quest for the
                  | Orb.
     0 | D:1      | Reached XP level 1. HP: 14/14 MP: 5/5
    74 | D:2      | Reached XP level 2. HP: 19/20 MP: 2/6
   107 | D:2      | Reached skill level 5 in Ice Magic
   107 | D:2      | You fall into a shaft and drop 1 floor!
   141 | D:3      | Reached XP level 3. HP: 25/26 MP: 8/8
   219 | D:4      | Noticed a scorpion
   227 | D:4      | Killed a scorpion
   228 | D:4      | Reached skill level 3 in Spellcasting
   228 | D:4      | Reached XP level 4. HP: 18/33 MP: 5/10
   232 | D:4      | Learned a level 3 spell: Frozen Ramparts
   285 | D:4      | Noticed a kobold brigand
   290 | D:4      | Killed a kobold brigand
   291 | D:4      | Reached skill level 4 in Spellcasting
   291 | D:4      | Reached XP level 5. HP: 21/39 MP: 4/12
   326 | D:4      | Found a sand-covered staircase.
   332 | Ossuary  | Entered an ossuary
   338 | Ossuary  | Learned a level 4 spell: Hailstorm
   366 | Ossuary  | Reached skill level 1 in Long Blades
   366 | Ossuary  | Reached skill level 1 in Conjurations
   366 | Ossuary  | Reached XP level 6. HP: 37/46 MP: 4/13
   875 | D:4      | Reached XP level 7. HP: 51/51 MP: 6/14
   926 | D:5      | Entered Level 5 of the Dungeon
   979 | D:5      | Noticed Pikel
  1133 | D:6      | Reached skill level 5 in Conjurations
  1134 | D:6      | Reached XP level 8. HP: 31/58 MP: 4/15
  1303 | D:5      | Reached skill level 5 in Long Blades
  1303 | D:5      | Reached skill level 5 in Spellcasting
  1316 | D:5      | Gained mutation: You passively map the area around you.
                  | [Meteoran growth]
  1316 | D:5      | Reached XP level 9. HP: 31/63 MP: 0/18
  1352 | D:5      | Reached skill level 1 in Fighting
  1542 | D:5      | Killed Pikel
  1543 | D:5      | Reached skill level 7 in Spellcasting
  1689 | D:5      | Found a shimmering blue altar of Sif Muna.
  1689 | D:5      | Found a sacrificial altar of Ru.
  1697 | D:5      | Found a faded altar of an unknown god.
  1699 | D:5      | Found a glowing golden altar of the Shining One.
  1701 | D:5      | Found a hazy altar of Hepliaklqana.
  2020 | D:6      | Noticed Edmund
  2038 | D:6      | Killed Edmund
  2069 | D:6      | Gained mutation: Your body sometimes deteriorates upon
                  | taking damage. [potion of mutation]
  2069 | D:6      | Gained mutation: You have a pair of small horns on your
                  | head. [potion of mutation]
  2069 | D:6      | Gained mutation: Your mind is acute. (Int +4, Str/Dex -1)
                  | [potion of mutation]
  2148 | D:6      | Found a staircase to the Ecumenical Temple.
  2155 | Temple   | Entered the Ecumenical Temple
  2235 | D:8      | Noticed a two-headed ogre
  2286 | D:7      | Found a glowing silver altar of Zin.
  2307 | D:7      | Found a radiant altar of Vehumet.
  2332 | D:7      | Became a worshipper of Vehumet
  2486 | D:8      | Reached XP level 10. HP: 54/73 MP: 11/22
  2491 | D:8      | Killed a two-headed ogre
  2492 | D:8      | Reached skill level 8 in Spellcasting
  2706 | D:8      | Reached skill level 1 in Evocations
  2715 | D:8      | Found a basalt altar of Yredelemnul.
  2733 | D:8      | Noticed Psyche
  2736 | D:8      | Killed Psyche
  2806 | D:8      | Reached skill level 9 in Spellcasting
  2835 | D:8      | Found a hide-covered altar of Uskayaw.
  2837 | D:8      | Reached * piety under Vehumet
  2837 | D:8      | Offered knowledge of Foxfire by Vehumet.
  2838 | D:8      | Reached skill level 5 in Dodging
  3014 | D:3      | Got the Folio of Breezy Venom
  3150 | D:3      | Found a one-way gate to the infinite horrors of the Abyss.
  3156 | D:3      | Found a corrupted altar of Lugonu.
  3254 | D:3      | Found Ofitogov's Magic Scroll Emporium.
  3265 | D:3      | Bought a scroll of identify for 24 gold pieces
  3265 | D:3      | Bought a scroll of fog for 48 gold pieces
  3265 | D:3      | Bought a scroll of identify for 24 gold pieces
  3265 | D:3      | Bought a scroll of teleportation for 36 gold pieces
  3265 | D:3      | Bought a scroll of fear for 48 gold pieces
  3265 | D:3      | Bought a scroll of identify for 24 gold pieces
  3265 | D:3      | Bought a scroll of fog for 48 gold pieces
  3265 | D:3      | Bought 2 scrolls of poison for 96 gold pieces
  3503 | D:7      | Found a broken altar of Ashenzari.
  3509 | D:7      | Identified the +2 robe "Jinoniu" {Regen+ Int+3}
  3644 | D:9      | Noticed Erica
  3653 | D:9      | Killed Erica
  3742 | D:9      | Found a staircase to the Orcish Mines.
  3746 | D:9      | Reached XP level 11. HP: 81/81 MP: 22/25
  3748 | D:9      | Reached skill level 10 in Ice Magic
  3748 | D:9      | Reached ** piety under Vehumet
  3749 | D:9      | Reached skill level 10 in Spellcasting
  3825 | D:9      | Offered knowledge of Shock by Vehumet.
  4458 | D:10     | Entered Level 10 of the Dungeon
  4463 | D:10     | Offered knowledge of Inner Flame by Vehumet.
  4505 | D:10     | Noticed a two-headed ogre
  4515 | D:10     | Killed a two-headed ogre
  4516 | D:10     | Reached skill level 11 in Spellcasting
  4585 | D:10     | Found a snail-covered altar of Cheibriados.
  4783 | D:10     | Found a bloodstained altar of Trog.
  4884 | D:10     | Reached *** piety under Vehumet
  4969 | D:11     | Noticed a two-headed ogre
  4976 | D:11     | Killed a two-headed ogre
  4977 | D:11     | Reached XP level 12. HP: 37/92 MP: 14/28
  5002 | D:11     | Found Jetotzin's Weapon Shop.
  5011 | D:11     | Noticed a two-headed ogre
  5016 | D:11     | Killed a two-headed ogre
  5035 | D:11     | Noticed a death yak
  5035 | D:11     | Noticed a death yak
  5038 | D:11     | Noticed a death yak
  5043 | D:11     | Killed a death yak
  5056 | D:11     | Learned a level 5 spell: Freezing Cloud
  5122 | D:11     | Lost mutation: Your body sometimes deteriorates upon taking
                  | damage. [potion of mutation]
  5122 | D:11     | Lost mutation: Your mind is acute. (Int +4, Str/Dex -1)
                  | [potion of mutation]
  5122 | D:11     | Gained mutation: Your flesh is heat resistant. (rF+)
                  | [potion of mutation]
  5210 | Orc:1    | Entered Level 1 of the Orcish Mines
  5216 | Orc:1    | Learned a level 4 spell: Airstrike
  5273 | Orc:2    | Entered Level 2 of the Orcish Mines
  5321 | Orc:2    | Found a staircase to the Elven Halls.
  5494 | Orc:2    | Found Zarruf's Armour Boutique.
  5497 | Orc:2    | Offered knowledge of Sticky Flame by Vehumet.
  5498 | Orc:2    | Reached skill level 12 in Spellcasting
  5500 | Orc:2    | Noticed an orc knight
  5500 | Orc:2    | Noticed an orc high priest
  5503 | Orc:2    | Killed an orc high priest
  5503 | Orc:2    | Noticed an orc knight
  5508 | Orc:2    | Killed an orc knight
  5512 | Orc:2    | Killed an orc knight
  5512 | Orc:2    | Noticed an orc high priest
  5519 | Orc:2    | Noticed a soul eater
  5521 | Orc:2    | Noticed a soul eater
  5713 | Orc:2    | Noticed an ettin
  5717 | Orc:2    | Killed an ettin
  5741 | Orc:2    | Reached skill level 1 in Air Magic
  5751 | Orc:2    | Noticed an orc high priest
  5754 | Orc:2    | Noticed an orc knight
  5755 | Orc:2    | Reached skill level 13 in Spellcasting
  5755 | Orc:2    | Noticed an orc knight
  5759 | Orc:2    | Killed an orc high priest
  5773 | Orc:2    | Found Hifiwa's Jewellery Boutique.
  5777 | Orc:2    | Found Oluggap's Assorted Antiques.
  5782 | Orc:2    | Killed an orc knight
  5783 | Orc:2    | Reached XP level 13. HP: 99/99 MP: 14/31
  5790 | Orc:2    | Reached **** piety under Vehumet
  5800 | Orc:2    | Bought 2 potions of heal wounds for 330 gold pieces
  5800 | Orc:2    | Bought a scroll labelled XAZOZURA VOPSATO for 33 gold
                  | pieces
  5807 | Orc:2    | Found Uhiv's Assorted Antiques.
  5824 | Orc:2    | Bought a +2 robe of willpower for 283 gold pieces
  5827 | Orc:2    | Bought a scroll labelled XAZOZURA VOPSATO for 24 gold
                  | pieces
  5827 | Orc:2    | Bought 2 amethyst potions for 43 gold pieces
  5827 | Orc:2    | Bought a viscous pink potion for 21 gold pieces
  5920 | Orc:1    | Offered knowledge of Iskenderun's Mystic Blast by Vehumet.
  6044 | Orc:1    | Reached skill level 5 in Fighting
  6152 | Orc:1    | Noticed an orc warlord
  6163 | Orc:1    | Reached ***** piety under Vehumet
  6212 | Orc:1    | Offered knowledge of Lightning Bolt by Vehumet.
  6304 | Orc:1    | Found Qorusmor's Armour Boutique.
  6311 | Orc:1    | Glimpsed the power of Zot.
  6418 | D:12     | Killed a death yak
  6419 | D:12     | Reached skill level 14 in Spellcasting
  6423 | D:12     | Killed a death yak
  6728 | Orc:1    | Glimpsed the power of Zot.
  6752 | Orc:1    | Bought a scarf of resistance for 448 gold pieces
  6768 | Orc:1    | Glimpsed the power of Zot.
  6777 | Orc:1    | Touched by the power of Zot.
  6890 | D:11     | Noticed a five-headed hydra
  6897 | D:11     | Killed a three-headed hydra
  6917 | D:11     | Found a runed translucent door.
  6926 | D:11     | Identified the +9 spear of Xutodao {freeze, rElec rF++}
  6926 | D:11     | Noticed FexLirch's ghost (journeyman DgFE)
  6949 | D:11     | Found a staircase to the Lair.
  6966 | D:11     | Slain by a white ugly thing

Illustrated notes

Levels and vault maps discovered:
D:1:      ncdulo_halloftheorcs, layout_basic,
          hellmonk_ecumenical_altar_crossroads
D:2:      layout_basic, uniq_jessica
D:3:      layout_basic, serial_undead, serial_undead_c, serial_undead_b,
          serial_undead_e, serial_undead_f, serial_shops, nicolae_shop_stone,
          amcnicky_altar_lugonu_corruption
D:4:      layout_loops_ring, nicolae_ossuary_entry_plus
D:5:      layout_cave_pools, chequers_temple_overflow_minitemple, uniq_pikel
D:6:      layout_basic, minmay_temple_entry_statues_fountains, uniq_edmund
D:7:      layout_rooms, ashenzari_altar_1, vehumet_statue,
          general_overflow_altar, zin_treasury, uniq_joseph
D:8:      layout_rooms, lemuel_zombie_altar_yredelemnul,
          nicolae_uskayaw_dance_studio, kennysheep_generic_room_12, uniq_psyche
D:9:      layout_stronghold, kennysheep_orc_monster_closet_entryway,
          bh_walls_and_bars, uniq_erica
D:10:     layout_rooms, mainiacjoe_overflow_six_doors_small, slow_altar_1,
          hangedman_tell_no_tales
D:11:     minmay_imperfect_grid, layout_cave_pools, dpeg_lair_monsters,
          serial_shops, nicolae_shop_bloodbath_and_beyond,
          ebering_ghost_funeral_grove, grunt_ogre_cave
D:12:     layout_basic
Temple:   nicolae_temple_ecumenical_triangle
Orc:1:    layout_diamond_mine, serial_shops, nicolae_shop_waterfront,
          kennysheep_orc_chapel
Orc:2:    st_orc_elflike, layout_diamond_mine

Skill      XL: |  1  2  3  4  5  6  7  8  9 10 11 12 13 |
---------------+----------------------------------------+-----
Ice Magic      | 5 6 8 9 10 12 | 12.7
Spellcasting   | 3 4 5 7 9 11 13 14 | 14.3
Long Blades    | 1 3 4 5 6 8 9 |  9.3
Conjurations   | 1 3 5 6 7 8 9 |  9.7
Dodging        | 3 4 5 6 |  6.6
Fighting       | 1 2 4 5 |  5.1
Evocations     | 3 4 |  4.0
Air Magic      | 1 3 |  3.6
Stealth        | |  1.4

Action                   |  1- 3 |  4- 6 |  7- 9 | 10-12 | 13-15 || total
-------------------------+-------+-------+-------+-------+-------++-------
Melee: Falchion          |     8 |    50 |    36 |    67 |       ||   161
       Unarmed           |     1 |       |       |       |       ||     1
       Punch             |       |     1 |     1 |     3 |     1 ||     6
       Headbutt          |       |       |     3 |    45 |     7 ||    55
       Scimitar          |       |       |       |   101 |    25 ||   126
 Cast: Freeze            |    18 |     8 |    46 |    14 |    14 ||   100
       Frozen Ramparts   |       |    12 |    25 |    36 |    13 ||    86
       Hailstorm         |       |    10 |    31 |    74 |    29 ||   144
       Airstrike         |       |       |       |     4 |    18 ||    22
       Freezing Cloud    |       |       |       |       |     4 ||     4
Evoke: Wand              |       |       |       |    14 |     5 ||    19
  Use: Scroll            |     1 |       |     4 |     9 |    12 ||    26
       Potion            |       |     1 |     9 |     3 |     6 ||    19
 Stab: Sleeping          |       |       |       |     1 |       ||     1
Armor: Robe              |     6 |     9 |    11 |    28 |    10 ||    64
Dodge: Dodged            |    12 |    40 |    75 |    97 |    41 ||   265
Block: Other             |       |       |    24 |    47 |    14 ||    85
       Reflection        |       |       |     2 |     4 |     3 ||     9
